Map: Moonlight Madness LE (Void)

Players

SticklerMac

  • Race: Zerg Zerg
  • League: Silver

monkeyman - Winner!

  • Race: Terran Terran
  • League: Silver

VOD

Have the link to the VOD?

Description

Time

  • Played on: Aug. 29, 2015, 1:58 a.m.
  • Length: 7:45
Show
View Real Time Build Order
Export as new Build Order

SticklerMac Zerg 

Build Orders: Pool First, Zergling Baneling 

Get SALT Encoding   

  12  0:01  Drone  
  13  0:08  Drone  
  14  0:17  Overlord  
  14  0:29  Extractor  
  14  0:31  Drone  
  14  0:44  Drone, Spawning Pool  
  14  0:49  Drone  
  15  0:55  Drone  
  16  1:02  Drone  
  17  1:08  Drone  
  18  1:25  Drone  
  19  1:35  Metabolic Boost  
  19  1:41  Hatchery  
  18  2:03  Drone x2  
  18  2:04  Drone  
  21  2:09  Extractor  
  21  2:15  Drone  
  22  2:20  Baneling Nest  
  21  2:25  Zergling x2  
  22  2:53  Queen  
  22  2:55  Zergling x2  
  22  2:56  Zergling x4  
  24  3:13  Zergling x2  
  24  3:14  Zergling x4  
  24  3:17  Zergling x2  
  28  3:23  Overlord  
  28  3:26  Overlord  
  28  3:32  Baneling x4  
  28  3:41  Queen  
  28  3:42  Baneling x2  
  28  3:43  Baneling  
  28  3:44  Drone, Zergling x4  
  28  3:48  Zergling x2  
  33  3:55  Zergling x2  
  28  4:04  Zergling x6  
  28  4:05  Zergling x2  
  28  4:08  Zergling x2  
  32  4:16  Zergling x2  
  33  4:21  Zergling x2, Baneling x4  
  34  4:26  Zergling x2  
  35  4:32  Zergling x4  
  35  4:33  Zergling x2  
  38  4:42  Baneling x5  
  37  4:48  Zergling x4  
  37  4:52  Zergling x2  
  39  5:00  Zergling x4  
  39  5:05  Zergling x2  
  42  5:09  Zergling x2  
  43  5:14  Overlord  
  35  5:30  Zergling x2  
  35  5:31  Zergling x8  
  34  5:37  Zergling x2  
  34  5:42  Zergling x2  
  33  5:54  Baneling x2  
  33  5:55  Baneling x2  
  33  5:56  Zergling x4  
  33  5:57  Zergling x2  
  34  6:04  Zergling x2  
  34  6:05  Zergling x2  
  34  6:08  Zergling x2  
  30  6:36  Zergling x2  
  31  6:43  Hatchery  
  29  6:51  Drone  
  29  6:52  Drone x3  
  29  6:53  Drone  
  34  6:58  Drone  
  35  7:02  Drone  
  35  7:06  Drone  
  37  7:10  Drone  
  37  7:14  Drone  
  39  7:17  Drone  
Show
View Real Time Build Order
Export as new Build Order

monkeyman Terran - Winner!

Build Orders: Reaper Expand 

Get SALT Encoding   

  12  0:03  SCV  
  13  0:15  SCV  
  14  0:27  SCV  
  15  0:29  Supply Depot  
  15  0:34  Refinery  
  15  0:50  SCV  
  15  0:52  Barracks  
  16  1:03  SCV  
  17  1:15  SCV  
  18  1:27  SCV  
  19  1:37  Command Center  
  19  1:40  SCV  
  19  1:43  Reaper  
  21  1:47  Supply Depot  
  21  1:54  SCV  
  22  2:06  SCV  
  23  2:17  Marine  
  24  2:24  SCV, Barracks  
  24  2:25  Barracks  
  25  2:35  Supply Depot  
  25  2:36  SCV  
  26  2:57  SCV  
  27  3:00  Marine  
  28  3:06  Bunker  
  28  3:12  Marine  
  28  3:18  Marine  
  28  3:19  Marine  
  30  3:20  Bunker  
  30  3:27  Supply Depot  
  30  3:30  Marine  
  30  3:33  SCV x2  
  33  3:36  Marine  
  33  3:37  Marine  
  34  3:45  SCV  
  34  3:48  Marine  
  36  3:54  Marine  
  37  4:05  SCV x2  
  37  4:06  Marine x2  
  41  4:12  Marine  
  42  4:17  SCV  
  42  4:18  SCV  
  42  4:19  Factory  
  44  4:24  Marine x2  
  46  4:32  Supply Depot  
  46  4:36  Supply Depot  
  46  4:45  SCV x2  
  46  4:55  Barracks Tech Lab  
  46  4:56  Barracks Reactor, Refinery  
  46  4:57  SCV x2  
  48  5:09  SCV x2  
  48  5:12  Marine  
  48  5:13  Factory Reactor  
  50  5:17  Supply Depot  
  50  5:21  SCV x2, Stimpack  
  52  5:29  Marine  
  52  5:33  SCV  
  45  5:38  Marine x3  
  48  5:47  Supply Depot, Marine  
  49  5:52  SCV x2  
  49  5:53  Widow Mine x2  
  49  5:56  Marine  
  56  6:00  Starport  
  56  6:04  SCV x2  
  56  6:10  Marine x2  
  60  6:16  SCV x2  
  61  6:25  Supply Depot  
  61  6:28  SCV x2  
  61  6:29  Marine  
  61  6:30  Marine  
  65  6:37  Supply Depot  
  65  6:41  Marine x2  
  67  6:51  Marine x2  
  69  6:55  Factory Reactor  
  69  6:58  Medivac x2  
  73  7:15  Marine x3  
  76  7:20  Bunker  
  76  7:24  Marine  
  77  7:31  Barracks  
Tags
 
Add a new tag
Caveats
  • Supply blocks, unpowered buildings, or Contaminate may cause inaccurate times.
  • Supply counts are checked every 10 seconds.